Map: Persephone LE

Players

LigerMaNN - Winner!

  • Race: Zerg Zerg
  • League: Diamond
  • Spawn Location: 7:00

A.I. 1 (Elite)

  • Race: Terran Terran
  • Spawn Location: 11:00

VOD

Have the link to the VOD?

Description

Time

  • Played on: July 2, 2025, 11 p.m.
  • Length: 18:37
Show
View Real Time Build Order
Export as new Build Order

LigerMaNN Zerg - Winner!

Build Orders: Hatch First 

Get SALT Encoding   

  12  0:00  Drone  
  13  0:08  Drone  
  14  0:14  Extractor  
  14  0:16  Drone  
  15  0:21  Overlord  
  15  0:40  Drone  
  15  0:41  Drone  
  17  0:54  Drone  
  17  0:55  Hatchery  
  17  0:57  Drone  
  18  1:08  Extractor  
  17  1:12  Spawning Pool  
  17  1:15  Drone  
  17  1:17  Drone  
  18  1:27  Drone  
  19  1:37  Drone  
  20  1:48  Drone  
  21  1:58  Overlord  
  21  2:11  Zergling x4  
  21  2:12  Queen x2  
  21  2:14  Metabolic Boost  
  27  2:27  Hatchery  
  26  2:37  Drone x4  
  26  2:42  Overlord  
  30  2:45  Drone  
  31  2:54  Queen  
  33  2:58  Drone  
  33  2:59  Drone  
  35  3:06  Overlord  
  35  3:08  Drone  
  35  3:26  Drone x6  
  41  3:34  Queen  
  42  3:46  Lair  
  42  3:48  Drone x5  
  43  3:53  Extractor  
  46  3:56  Queen  
  48  4:13  Spore Crawler  
  48  4:14  Spore Crawler  
  48  4:16  Drone  
  48  4:17  Drone x10  
  57  4:31  Spore Crawler  
  57  4:33  Drone  
  57  4:34  Drone  
  57  4:35  Overlord x4  
  58  4:46  Overlord x4  
  58  4:55  Queen  
  58  4:56  Queen  
  62  5:02  Overseer  
  62  5:10  Drone x12  
  62  5:12  Drone  
  75  5:19  Extractor  
  75  5:21  Extractor  
  73  5:23  Evolution Chamber  
  73  5:24  Evolution Chamber  
  73  5:26  Baneling Nest  
  70  5:30  Drone  
  70  5:31  Drone x7  
  70  5:33  Extractor  
  70  5:35  Extractor  
  76  5:40  Hydralisk Den  
  75  5:46  Drone x3  
  75  5:47  Drone x3  
  75  5:49  Overlord  
  81  5:51  Zerg Melee Weapons Level 1  
  81  5:52  Hatchery  
  81  5:54  Zerg Ground Armor Level 1  
  80  6:10  Centrifugal Hooks  
  83  6:11  Zergling x20  
  90  6:31  Zergling x22  
  90  6:32  Hatchery  
  100  6:34  Muscular Augments  
  100  6:36  Baneling x12  
  100  6:37  Baneling x2  
  100  6:38  Baneling  
  100  6:43  Pneumatized Carapace  
  100  7:07  Hydralisk x9  
  118  7:09  Zergling x2  
  118  7:10  Zergling x14  
  126  7:30  Hydralisk  
  126  7:31  Hydralisk x4  
  126  7:34  Overlord x6  
  136  7:38  Grooved Spines  
  136  7:47  Zerg Melee Weapons Level 2  
  136  7:49  Zerg Ground Armor Level 2  
  139  7:51  Zergling x12  
  139  7:52  Zergling x4  
  139  7:53  Overlord  
  139  7:57  Overseer  
  144  8:05  Queen  
  146  8:06  Queen  
  146  8:08  Zergling x14  
  155  8:29  Infestation Pit  
  155  8:33  Zergling x18  
  155  8:34  Zergling x22  
  150  9:00  Zergling x16  
  150  9:01  Zergling x20  
  154  9:07  Hive  
  154  9:10  Baneling x16  
  154  9:11  Baneling  
  154  9:12  Baneling  
  154  9:13  Drone  
  154  9:14  Drone  
  154  9:15  Drone  
  154  9:16  Drone  
  158  9:25  Baneling x13  
  158  9:26  Baneling x2  
  158  9:28  Drone  
  158  9:29  Drone x2  
  158  9:30  Drone  
  162  9:32  Drone  
  162  9:33  Drone  
  162  9:34  Drone  
  162  9:35  Drone  
  166  9:45  Spire  
  165  10:13  Overlord x4  
  165  10:23  Adrenal Glands  
  165  10:25  Zerg Melee Weapons Level 3  
  165  10:26  Zerg Ground Armor Level 3  
  165  10:32  Ultralisk Cavern  
  164  10:40  Zergling x52  
  164  10:41  Zergling x8  
  194  10:43  Zergling x2  
  195  10:56  Drone  
  197  10:57  Drone x3  
  159  11:48  Hatchery  
  118  12:10  Ultralisk x10  
  118  12:13  Zergling x50  
  199  12:17  Chitinous Plating  
  197  12:28  Extractor  
  196  12:30  Extractor  
  195  12:38  Baneling  
  195  12:55  Drone x3  
  195  12:56  Drone  
  195  12:58  Extractor  
  198  12:59  Drone  
  198  13:00  Extractor  
  198  13:12  Zergling x2  
  199  13:36  Anabolic Synthesis  
  170  14:10  Zergling x16  
  170  14:11  Zergling x44  
  180  14:40  Hydralisk x8  
  180  14:42  Zergling x8  
  195  15:13  Zergling x14  
  200  15:14  Zergling x2  
  179  15:58  Baneling x19  
  179  15:59  Zergling x32, Baneling x4  
  179  16:00  Zergling x10  
  200  16:25  Zerg Flyer Weapons Level 1  
  200  16:30  Spire  
  199  16:36  Hatchery  
  191  17:51  Unknown  
Show
View Real Time Build Order
Export as new Build Order

A.I. 1 (Elite) Terran 

Build Orders:  

Get SALT Encoding   

  12  0:00  SCV  
  13  0:13  SCV  
  14  0:18  Supply Depot  
  14  0:25  SCV  
  15  0:39  SCV  
  16  0:43  Barracks  
  16  0:51  SCV  
  17  1:03  SCV  
  18  1:09  Refinery  
  18  1:11  Supply Depot  
  18  1:15  SCV  
  19  1:28  SCV  
  20  1:33  Marine  
  21  1:40  Command Center  
  21  2:03  Barracks  
  21  2:05  SCV  
  21  2:08  Marine  
  22  2:13  Factory  
  23  2:17  SCV  
  23  2:22  Supply Depot  
  24  2:27  Marine  
  24  2:29  SCV  
  26  2:41  SCV  
  27  2:45  Marine  
  28  2:53  SCV  
  28  2:54  Orbital Command  
  28  2:57  Factory Tech Lab  
  29  3:02  Refinery  
  29  3:10  Orbital Command  
  28  3:13  Marine  
  28  3:16  Marine  
  30  3:24  SCV  
  31  3:31  Marine  
  31  3:33  Marine  
  33  3:36  SCV x2  
  35  3:46  Barracks  
  35  3:48  Marine, SCV x2  
  35  3:51  Marine  
  39  4:00  Starport, SCV x2  
  41  4:07  Barracks Tech Lab  
  41  4:10  Barracks Tech Lab  
  41  4:12  SCV  
  41  4:13  SCV  
  43  4:23  Supply Depot  
  43  4:25  Marine, SCV x2  
  43  4:28  Stimpack, Marine, Combat Shield  
  47  4:33  Marine  
  47  4:37  SCV  
  47  4:38  Medivac  
  51  4:41  SCV  
  51  4:43  Marine  
  53  4:46  Marine  
  53  4:47  Supply Depot  
  53  4:49  SCV  
  53  4:50  Supply Depot, Marine  
  56  4:57  SCV  
  57  5:01  Marauder, SCV  
  57  5:04  Marine  
  57  5:05  Refinery  
  61  5:08  Marine  
  61  5:09  Refinery  
  61  5:13  SCV x2  
  64  5:20  Engineering Bay  
  64  5:23  Marauder  
  64  5:24  Engineering Bay  
  64  5:25  Marauder, SCV  
  64  5:27  Command Center  
  69  5:28  Barracks Reactor  
  69  5:42  SCV  
  70  5:44  Marauder  
  70  5:45  Supply Depot  
  70  5:46  SCV  
  70  5:47  Terran Infantry Weapons Level 1  
  70  5:49  Terran Infantry Armor Level 1  
  73  5:51  Marauder  
  73  5:54  SCV  
  76  6:00  SCV  
  77  6:04  Missile Turret  
  77  6:06  SCV  
  77  6:07  Marauder, Medivac  
  77  6:08  Missile Turret  
  82  6:11  Supply Depot  
  82  6:12  SCV  
  82  6:15  Marauder  
  85  6:19  SCV  
  86  6:32  Barracks  
  86  6:33  Marauder, Marine  
  86  6:35  Concussive Shells  
  86  6:37  Supply Depot  
  86  6:38  Starport Reactor  
  86  6:39  Marauder  
  91  6:40  SCV  
  91  6:41  SCV  
  91  6:42  SCV  
  94  6:52  SCV  
  94  6:53  SCV  
  96  6:54  Marauder, SCV  
  96  6:57  Missile Turret  
  96  7:00  Marauder  
  101  7:04  Supply Depot, SCV  
  101  7:05  SCV  
  101  7:06  SCV  
  104  7:10  Marine  
  104  7:11  Marine  
  104  7:14  Viking, Medivac  
  110  7:16  Marauder, SCV  
  110  7:17  Missile Turret  
  110  7:18  SCV x2  
  115  7:26  Supply Depot  
  115  7:28  Marauder, SCV  
  118  7:30  SCV  
  118  7:31  Orbital Command  
  119  7:37  Missile Turret  
  119  7:39  Marauder  
  119  7:40  SCV  
  123  7:44  SCV, Medivac  
  123  7:46  Armory  
  123  7:48  Viking  
  123  7:49  Marauder, Supply Depot  
  129  7:52  SCV  
  130  7:58  Missile Turret  
  130  8:08  Factory  
  130  8:09  Hi-Sec Auto Tracking  
  130  8:11  Marauder  
  130  8:12  Starport  
  132  8:14  Viking  
  132  8:18  Armory  
  134  8:20  Supply Depot  
  134  8:23  Refinery  
  134  8:25  Command Center  
  134  8:26  Viking  
  136  8:34  Terran Infantry Weapons Level 2, Missile Turret  
  136  8:44  Viking  
  136  8:45  Supply Depot, SCV  
  136  8:46  SCV  
  136  8:48  Viking, Hellion  
  144  8:52  Hellion, Marine  
  144  8:53  Marine  
  146  8:56  Marine x2  
  146  8:58  Marine  
  101  9:06  Neosteel Armor  
  101  9:09  Marine  
  91  9:10  Hellion  
  91  9:11  Marine  
  91  9:13  Marine, Factory Tech Lab  
  91  9:14  Marine  
  91  9:15  Marine  
  96  9:19  Starport Tech Lab  
  96  9:22  Refinery  
  96  9:27  Marine  
  96  9:29  Marine  
  96  9:31  Hellion, Marine, Siege Tank  
  101  9:32  Marine  
  101  9:33  Marine  
  108  9:38  Raven  
  108  9:43  Refinery  
  108  9:45  Marine  
  108  9:46  Marine  
  108  9:48  Refinery  
  108  9:49  Marine, Medivac  
  108  9:50  Marine  
  108  9:51  Marine  
  108  9:52  Medivac  
  117  9:53  Hellion  
  117  9:55  Terran Vehicle Weapons Level 1  
  117  9:57  Terran Vehicle And Ship Armor Level 1  
  119  10:03  Siege Tank  
  119  10:04  Marauder  
  119  10:05  Marauder  
  126  10:14  Hellion, Planetary Fortress  
  128  10:16  Missile Turret  
  128  10:18  Missile Turret  
  128  10:19  Infernal Pre-Igniter  
  128  10:24  Medivac  
  128  10:25  Marauder  
  128  10:26  Marauder  
  134  10:31  Medivac  
  134  10:32  Marine x2  
  134  10:34  Viking, Marine  
  146  10:35  Hellion, Siege Tank  
  146  10:36  Barracks  
  146  10:38  Supply Depot  
  146  10:41  Command Center  
  146  10:46  Marauder  
  146  10:47  Marine  
  149  10:53  Barracks Tech Lab  
  149  10:54  Viking  
  149  10:56  Siege Tank  
  154  10:58  Terran Infantry Weapons Level 3  
  154  11:05  Marauder, Raven, Supply Depot  
  154  11:07  Siege Tank  
  154  11:08  Marauder, Marine  
  154  11:10  Ghost Academy, Marine  
  167  11:11  Marauder  
  167  11:12  Viking  
  169  11:24  Viking  
  171  11:26  Marine  
  171  11:27  Marauder  
  171  11:28  Marine x2  
  171  11:29  Marauder  
  171  11:30  Supply Depot  
  180  11:33  Marauder  
  180  11:38  Liberator  
  183  11:44  Marine  
  183  11:46  Hellion  
  183  11:47  Hellion, Marine x2  
  175  11:48  Marauder  
  175  11:49  Terran Ship Weapons Level 1  
  175  11:50  Marauder  
  136  11:54  Marauder, Planetary Fortress  
  118  12:01  Marine  
  118  12:04  Missile Turret, SCV  
  118  12:05  Marine x2  
  118  12:07  Siege Tank  
  118  12:08  Hellion  
  110  12:09  Ghost  
  110  12:12  Marauder  
  110  12:15  Marine  
  108  12:19  Marine  
  108  12:22  Raven, Factory  
  111  12:23  Marine x2  
  111  12:29  Missile Turret, Siege Tank  
  116  12:32  Medivac  
  116  12:33  Marauder, Marine, Medivac  
  123  12:40  Hellion, Terran Vehicle Weapons Level 2  
  123  12:42  Refinery  
  125  12:45  Refinery  
  125  12:50  Missile Turret, Marine  
  125  12:51  Marine x2  
  127  12:52  Marine  
  127  12:53  Marine  
  127  12:56  Viking, Ghost  
  135  13:01  Thor, Widow Mine  
  135  13:02  Viking, Command Center  
  135  13:05  Factory Tech Lab  
  145  13:21  Viking  
  145  13:22  Factory  
  145  13:23  Hellion, Siege Tank  
  145  13:26  Medivac  
  154  13:35  Personal Cloaking, Liberator  
  154  13:38  Terran Infantry Armor Level 2  
  157  13:43  Thor, Marine  
  157  13:44  SCV  
  157  13:45  Widow Mine  
  157  13:46  SCV  
  157  13:48  SCV  
  164  13:51  Viking, Marine  
  164  13:52  Marine  
  164  13:54  Marine x2  
  164  13:55  Hellion  
  128  13:56  Marine  
  128  14:00  SCV x2  
  128  14:01  Marine  
  110  14:03  SCV  
  110  14:04  SCV  
  110  14:05  SCV  
  110  14:06  Hellion  
  110  14:09  Marine  
  104  14:10  Hellion  
  104  14:12  SCV  
  104  14:16  SCV x2, Siege Tank  
  104  14:17  SCV  
  106  14:18  SCV  
  106  14:19  Marine  
  106  14:22  Marine  
  100  14:24  SCV  
  100  14:27  Hellion  
  85  14:37  Marine  
  59  14:40  Marine  
  59  14:42  Marine x2  
  59  14:44  Marine  
  57  14:47  Marine  
  57  14:52  Hellion  
  55  14:55  Marine  
  55  14:57  Marine  
  55  14:58  SCV  
  39  15:18  Command Center  
  34  15:22  Marine x2, Siege Tank, SCV  
  25  15:59  Command Center  
  25  16:31  SCV  
  26  16:37  Command Center, SCV  
  28  16:42  SCV  
  28  16:43  Marine  
  28  16:45  Marine  
  8  17:43  SCV x2  
  9  17:49  SCV  
  10  17:59  SCV x2  
  8  18:30  Command Center  
Tags
 
League
Diamond
Matchup
TvZ
Replay Pack
June 2025
Spawn Locations
Close Positions
Add a new tag
Caveats
  • Supply blocks, unpowered buildings, or Contaminate may cause inaccurate times.
  • Supply counts are checked every 10 seconds.